 Dungeon Crawl Stone Soup version 0.26.1-12-g5ba1501909 (webtiles) character file.

Game seed: 3222631431601196071

55 Zeld the Sneak (level 3, 0/22 HPs)
             Began as an Octopode Enchanter on Oct 24, 2021.
             Succumbed to a worker ant's poison
             ... on level 2 of the Dungeon.
             The game lasted 00:02:23 (1629 turns).

Zeld the Sneak (Octopode Enchanter)                 Turns: 1629, Time: 00:02:24

Health: 0/22       AC:  1    Str:  7    XL:     3   Next: 93%
Magic:  6/6        EV: 13    Int: 17    God:
Gold:   69         SH:  0    Dex: 13    Spells: 0/6 levels left

rFire    . . .     SeeInvis .   a - +1 dagger
rCold    . . .     Faith    .   (no shield)
rNeg     . . .     Spirit   .   (helmet restricted)
rPois    .         Reflect  .   (no amulet)
rElec    .         Harm     .   (no ring)
rCorr    .         Rampage  .   (no ring)
Will     .....                  (no ring)
Stlth    ++++......             (no ring)
HPRegen  0.07/turn              (no ring)
MPRegen  0.10/turn              (no ring)
                                (no ring)
                                (no ring)

@: lethally poisoned (0 -> -9)
A: almost no armour, stealthy swim, amphibious, 8 rings, constrict 8, camouflage
1, gelatinous body 1
a: no special abilities


You were on level 2 of the Dungeon.
You visited 1 branch of the dungeon, and saw 2 of its levels.

You collected 69 gold pieces.

Inventory:

Hand Weapons
 a - a +1 dagger (weapon)
Missiles
 f - 14 poisoned darts (quivered)
Jewellery
 e - a cursed ring of attention {unknown}
Scrolls
 b - 5 scrolls of identify {unknown}
 c - a scroll of fog {unknown}
 d - 3 scrolls of teleportation {unknown}


   Skills:
 + Level 0.6 Fighting
 * Level 1.7 Short Blades
 * Level 1.0 Throwing
 + Level 2.2 Dodging
 * Level 4.5 Stealth
 + Level 2.3 Spellcasting
 * Level 3.3 Hexes


You couldn't memorise any spells.
You knew the following spells:

 Your Spells              Type           Power        Failure   Level
a - Corona                Hex            14%          4%          1
b - Ensorcelled Hibernat  Hex/Ice        14%          14%         2
c - Confusing Touch       Hex            13%          14%         3

Your spell library contained the following spells:

 Spells                   Type           Power        Failure   Level
 Tukima's Dance           Hex            13%          14%         3
 Dazzling Flash           Conj/Hex       14%          28%         3


Dungeon Overview and Level Annotations

Branches:
Dungeon (2/15)

Altars:


Innate Abilities, Weirdness & Mutations

You cannot wear most types of armour.
You are very stealthy in the water. (Stealth+)
You are amphibious.
You can wear up to eight rings at the same time.
You can use your tentacles to constrict eight enemies at once.
Your skin changes colour to match your surroundings (Stealth+).
Your rubbery body absorbs attacks. (AC +1, EV +1)


Message History

You are more poisoned.
The worker ant poisons you!
You hit the worker ant.
The worker ant is almost dead.
You constrict the worker ant.
You kill the worker ant!
Your Throwing skill increases to level 1!
Unknown command.
* * * LOW HITPOINT WARNING * * *
You feel sick.
* * * LOW HITPOINT WARNING * * *
You feel sick.
There is an open door here.
You aren't carrying any potions.
Unknown command.
Casting: Corona (safe; 4% risk of failure)
Confirm with . or Enter, or press ? or * to list all spells.
You can't see any susceptible monsters within range! (Use Z to cast anyway.) Sorry, you're not good enough to have a special ability.
You die...

#...†#
####.#########
#.........#
#.........#
#.........#
#.........#
#.........# .
#.#†#'#####....
.....#..@.......
#...##########...
#... ###


There were no monsters in sight!

Vanquished Creatures
  A worker ant (D:2)
  An ooze (D:1)
  3 bats
  7 goblins
  2 hobgoblins (D:1)
  4 jackals (D:1)
  4 kobolds (D:1)
  4 rats
26 creatures vanquished.

Notes
Turn   | Place    | Note
-------+----------+-------------------------------------------
     0 | D:1      | Zeld the Octopode Enchanter began the quest for the Orb.
     0 | D:1      | Reached XP level 1. HP: 11/11 MP: 3/3
   315 | D:1      | Reached XP level 2. HP: 17/17 MP: 3/5
   318 | D:1      | Learned a level 2 spell: Ensorcelled Hibernation
  1060 | D:1      | Reached XP level 3. HP: 22/22 MP: 4/6
  1064 | D:1      | Learned a level 3 spell: Confusing Touch
  1626 | D:2      | Reached skill level 1 in Throwing
  1627 | D:2      | HP: 1/22 [poisoned by a worker ant]
  1629 | D:2      | Succumbed to a worker ant's poison

Illustrated notes

Levels and vault maps discovered:
D:1:      minmay_arrival_open_corners, layout_basic, grunt_decor_mini_mirrors
D:2:      minmay_roachtagon, layout_basic

Skill      XL: |  1  2  3 |
---------------+----------+-----
Throwing       | 1 |  1.0
Fighting       | |  0.6
Short Blades   | |  1.7
Dodging        | |  2.2
Stealth        | |  4.5
Spellcasting   | |  2.3
Hexes          | |  3.3

Action                   || total
-------------------------++-------
Melee: Dagger            ||    67
       Constrict         ||    22
       Tentacles         ||    13
 Cast: Corona            ||    19
       Ensorcelled Hiber ||     2
Armor: Skin              ||     2
Dodge: Dodged            ||    51
